 Dungeon Crawl Stone Soup version 0.30.1-11-g7821555f0a (webtiles) character file.

Game seed: 14783584645705353025

591274 Peloso the Minotaur Barricade (level 26, 0/266 HPs)
             Began as a Minotaur Fighter on Nov 19, 2023.
             Was the Champion of Okawaru.
             Drowned by a quicksilver ooze (7 damage)
             ... on level 4 of the Pits of Slime on Nov 20, 2023.
             The game lasted 03:49:50 (74949 turns).

Peloso the Minotaur Barricade (Minotaur Fighter)   Turns: 74949, Time: 03:49:51

Health: 0/266      AC: 25    Str: 24      XL:     26   Next: 22%
Magic:  15/26      EV: 11    Int:  2 (3)  God:    Okawaru [******]
Gold:   3971       SH: 24    Dex: 29      Spells: 25/25 levels left

rFire   + + .        a - +4 demon blade (spect)
rCold   + . .        d - +3 kite shield of the Crypt {Fly}
rNeg    + + .        r - +4 gold dragon scales
rPois   +            S - +1 hat of the Devil's Team {Will+ Str+2 SInv Stlth+}
rElec   +            g - +4 dragonskin cloak
rCorr   +            Z - +3 pair of gauntlets of War {Slay+5}
SInv    +            f - -1 pair of boots of Jaffaph {rPois rF+ Dex+6}
Will    +++..        t - amulet "Ireif" {Will+ Regen+ Dex+4}
Stlth   +            i - +4 ring of slaying
HPRegen 1.44/turn    U - ring "Jiyntagh" {rElec rN++ rCorr}
MPRegen 0.20/turn

%: no passive effects
@: engulfed (cannot breathe), corroded, flying, hasted, studying 3 skills, very
quick
A: horns 2, retaliatory headbutt, deformed body, deterioration 1, dopey 1,
screaming 2, weak 1, no potion heal 1
}: 3/15 runes: decaying, serpentine, silver
a: Renounce Religion, Heroism, Finesse, Duel


You were on level 4 of the Pits of Slime.
You worshipped Okawaru.
Okawaru was exalted by your worship.
You visited 12 branches of the dungeon, and saw 54 of its levels.
You visited 1 bazaar.
You also visited: Ossuary, Gauntlet, Wizlab and Desolation.

You collected 9211 gold pieces.
You spent 5240 gold pieces at shops.

Inventory:

Hand Weapons
 a - a +4 spectral demon blade (weapon)
 b - a +2 heavy double sword
 c - a +5 demon blade
 j - the +5 long sword "Pucs" {flame, rF+ Will+ Int+3}
   (You took it off a yellow draconian on level 1 of the Realm of Zot)

   Int:       It affects your intelligence (+3).
   rF:        It protects you from fire.
   Will:      It increases your willpower.
Armour
 d - the +3 kite shield of the Crypt (worn) {Fly}
   (Okawaru gifted it to you on level 12 of the Dungeon)

   Fly:       It grants you flight.
 e - a +1 kite shield of reflection
 f - the -1 pair of boots of Jaffaph (worn) {rPois rF+ Dex+6}
   (Okawaru gifted it to you on level 4 of the Vaults)

   Dex:       It affects your dexterity (+6).
   rF:        It protects you from fire.
   rPois:     It protects you from poison.
 g - the +4 dragonskin cloak (worn)
   (You took it off Tiamat on level 1 of the Realm of Zot)

   Avatar's Aegis: It grants the wearer a chance to resist fire, cold, poison,
   electricity, acid, and negative energy.
 r - +4 gold dragon scales (worn)
 A - the +1 cloak of Raedaffaju {Rampage rF+ rC+}
   (Okawaru gifted it to you on level 2 of the Vaults)

   rF:        It protects you from fire.
   rC:        It protects you from cold.
   Rampage:   It bestows one free step when moving towards enemies.
 S - the +1 hat of the Devil's Team (worn) {Will+ Str+2 SInv Stlth+}
   (You found it on level 4 of the Swamp)

   Str:       It affects your strength (+2).
   SInv:      It lets you see invisible.
   Will:      It increases your willpower.
   Stlth:     It makes you more stealthy.
 Z - the +3 pair of gauntlets of War (worn) {Slay+5}
   (You bought it in a shop on level 2 of the Vaults)

   Slay:      It affects your accuracy & damage with ranged weapons and melee
   (+5).
Jewellery
 i - a +4 ring of slaying (left hand)
 l - the ring of Pyromania {rElec rC+ rCorr Int+6 Dex+3}
   (You found it on level 3 of the Snake Pit)

   [ring of intelligence]

   Int:       It affects your intelligence (+6).
   Dex:       It affects your dexterity (+3).
   rC:        It protects you from cold.
   rElec:     It insulates you from electricity.
   rCorr:     It protects you from acid and corrosion.
 t - the amulet "Ireif" (around neck) {Will+ Regen+ Dex+4}
   (You bought it in a shop on level 3 of the Snake Pit)

   [amulet of regeneration]

   Dex:       It affects your dexterity (+4).
   Regen:     It increases your rate of health regeneration.
   Will:      It increases your willpower.
 P - the ring of the Republic {rF+ rN+ Will+ rCorr Str+2}
   (You bought it in a shop in a bazaar)

   [ring of resist corrosion]

   Str:       It affects your strength (+2).
   rF:        It protects you from fire.
   rN:        It protects you from negative energy.
   rCorr:     It protects you from acid and corrosion.
   Will:      It increases your willpower.
 U - the ring "Jiyntagh" (right hand) {rElec rN++ rCorr}
   (You found it in the Desolation of Salt)

   [ring of resist corrosion]

   rElec:     It insulates you from electricity.
   rN:        It greatly protects you from negative energy.
   rCorr:     It protects you from acid and corrosion.
 V - the amulet of Ituaq {Reflect -Cast rPois Regen+ Str+2 SH+5}
   (You found it in the Desolation of Salt)

   [amulet of reflection]

   It reflects blocked missile attacks.
   Str:       It affects your strength (+2).
   rPois:     It protects you from poison.
   -Cast:     It prevents spellcasting.
   Regen:     It increases your rate of health regeneration.
   SH:        It affects your SH (+5).
Wands
 W - a wand of digging (9)
Scrolls
 q - 18 scrolls of teleportation
 v - 7 scrolls of poison
 y - 11 scrolls of fear
 z - 11 scrolls of immolation
 C - 7 scrolls of magic mapping
 I - 39 scrolls of identify
 N - 3 scrolls of blinking
Potions
 h - 4 potions of invisibility
 k - 12 potions of might
 n - 20 potions of flight
 o - 13 potions of haste
 s - 4 potions of mutation
 D - 6 potions of resistance
 E - 4 potions of berserk rage
 L - 10 potions of heal wounds
 O - 15 potions of curing


   Skills:
 O Level 27 Fighting
 O Level 27 Long Blades
 + Level 26.2 Armour
 + Level 5.9 Dodging
 + Level 15.1 Stealth
 O Level 27 Shields
 + Level 5.5 Invocations
 + Level 3.6 Evocations


You had 25 spell levels left.
You didn't know any spells.
Your spell library contained the following spells:

 Spells                   Type           Power      Damage    Failure   Level
 Apportation              Tloc           0%         N/A       99%         1
 Foxfire                  Conj/Fire      0%         2x1d4     99%         1
 Freeze                   Ice            0%         1d3       99%         1
 Kiss of Death            Conj/Necr      0%         2d5       99%         1
 Magic Dart               Conj           0%         1d3       99%         1
 Necrotise                Necr           0%         1d4       99%         1
 Sandblast                Erth           0%         2d4       99%         1
 Shock                    Conj/Air       0%         1d3       99%         1
 Slow                     Hex            0%         N/A       99%         1
 Sting                    Tmut/Pois      0%         1d3       99%         1
 Blink                    Tloc           0%         N/A       100%        2
 Cigotuvi's Dreadful Rot  Necr/Pois/Air  0%         N/A       100%        2
 Ensorcelled Hibernation  Hex/Ice        0%         N/A       100%        2
 Lesser Beckoning         Tloc           0%         N/A       100%        2
 Momentum Strike          Conj/Tloc      0%         3d8       100%        2
 Passwall                 Tmut/Erth      0%         N/A       100%        2
 Poisonous Vapours        Pois/Air       0%         N/A       100%        2
 Searing Ray              Conj           0%         2d4       100%        2
 Static Discharge         Conj/Air       0%         2-2/arc   100%        2
 Sublimation of Blood     Necr           0%         N/A       100%        2
 Confusing Touch          Hex            0%         N/A       100%        3
 Frozen Ramparts          Ice            0%         1d1       100%        3
 Gell's Gravitas          Tloc           0%         N/A       100%        3
 Hailstorm                Conj/Ice       0%         3d3       100%        3
 Mephitic Cloud           Conj/Pois/Air  0%         N/A       100%        3
 Portal Projectile        Hex/Tloc       0%         N/A       100%        3
 Spider Form              Tmut/Pois      0%         N/A       100%        3
 Stone Arrow              Conj/Erth      0%         3d7       100%        3
 Swiftness                Air            0%         N/A       100%        3
 Teleport Other           Tloc           0%         N/A       100%        3
 Vampiric Draining        Necr           0%         2d6       100%        3
 Vhi's Electric Charge    Tloc/Air       0%         N/A       100%        3
 Volatile Blastmotes      Fire/Tloc      0%         2d10      100%        3
 Airstrike                Air            0%         2d(0-16)  100%        4
 Anguish                  Hex/Necr       0%         N/A       100%        4
 Cause Fear               Hex            0%         N/A       100%        4
 Dispel Undead            Necr           0%         3d6       100%        4
 Fulminant Prism          Conj/Hex       0%         3d5       100%        4
 Leda's Liquefaction      Hex/Erth       0%         N/A       100%        4
 Manifold Assault         Tloc           0%         N/A       100%        4
 Olgreb's Toxic Radiance  Pois           0%         N/A       100%        4
 Passage of Golubria      Tloc           0%         N/A       100%        4
 Petrify                  Tmut/Erth      0%         N/A       100%        4
 Sticky Flame             Conj/Fire      0%         2d3       100%        4
 Alistair's Intoxication  Tmut/Pois      0%         N/A       100%        5
 Arcjolt                  Conj/Air       0%         1d10      100%        5
 Blade Hands              Tmut           0%         N/A       100%        5
 Borgnjor's Vile Clutch   Necr/Erth      0%         N/A       100%        5
 Fireball                 Conj/Fire      0%         3d3       100%        5
 Freezing Cloud           Conj/Ice/Air   0%         6-21      100%        5
 Irradiate                Conj/Tmut      0%         3d11      100%        5
 Lee's Rapid Deconstruct  Erth           0%         3d4*      100%        5
 Metabolic Englaciation   Hex/Ice        0%         N/A       100%        5
 Conjure Ball Lightning   Conj/Air       0%         3x3d6     100%        6
 Dispersal                Tloc           0%         N/A       100%        6
 Eringya's Noxious Bog    Tmut/Pois      0%         N/A       100%        6
 Plasma Beam              Fire/Air       0%         2x1d11    100%        6
 Starburst                Conj/Fire      0%         6d3       100%        6
 Statue Form              Tmut/Erth      0%         N/A       100%        6
 Dragon Form              Tmut           0%         N/A       100%        7
 Storm Form               Tmut/Air       0%         N/A       100%        7
 Discord                  Hex            0%         N/A       100%        8
 Lehudib's Crystal Spear  Conj/Erth      0%         10d2      100%        8
 Maxwell's Capacitive Co  Air            0%         ∞         100%        8
 Chain Lightning          Conj/Air       0%         N/A       100%        9
 Death's Door             Necr           0%         N/A       100%        9
 Fire Storm               Conj/Fire      0%         5d1       100%        9
 Shatter                  Erth           0%         3d5*      100%        9
 Call Imp                 Summ           Unusable   N/A       N/A         2
 Call Canine Familiar     Summ           Unusable   N/A       N/A         3
 Animate Armour           Summ/Erth      Unusable   N/A       N/A         4
 Animate Dead             Necr           Unusable   N/A       N/A         4
 Summon Forest            Summ/Tloc      Unusable   N/A       N/A         5
 Summon Mana Viper        Hex/Summ       Unusable   N/A       N/A         5
 Summon Cactus Giant      Summ           Unusable   N/A       N/A         6
 Haunt                    Necr/Summ      Unusable   N/A       N/A         7
 Malign Gateway           Summ/Tloc      Unusable   N/A       N/A         7
 Summon Hydra             Summ           Unusable   N/A       N/A         7
 Infestation              Necr           Unusable   N/A       N/A         8

Dungeon Overview and Level Annotations

Branches:
Dungeon (15/15)            Temple (1/1) D:6            Lair (5/5) D:11
  Swamp (4/4) Lair:3        Snake (4/4) Lair:3        Slime (5/5) Lair:4
    Orc (2/2) D:9             Elf (3/3) Orc:2        Vaults (5/5) D:13
  Crypt (3/3) Vaults:2       Tomb (0/3) Crypt:3      Depths (4/4) D:15
    Zot (3/5) Depths:4    Ossuary (visited)          WizLab (visited)
Desolation (visited)      Gauntlet (visited)

Altars:
Ashenzari
Cheibriados
Dithmenos
Elyvilon
Fedhas
Gozag
Hepliaklqana
Kikubaaqudgha
Makhleb
Nemelex Xobeh
Okawaru
Qazlal
Sif Muna
Trog
Uskayaw
Vehumet
Wu Jian
Xom
Yredelemnul
Zin
The Shining One
Jiyva
Lugonu

Shops:
D:1 !   D:2 !   D:14 (   Orc:1 !   Orc:2 *[*?   Elf:1 [   Elf:2 :   Elf:3 ([::!
Snake:2 :   Snake:3 :==:   Vaults:2 [   Vaults:4 [   Vaults:5 :

Portals:
Hell: Depths:1 Depths:2 Depths:3 Depths:4
Abyss: Depths:2 Depths:3 Depths:4
Pandemonium: Depths:2
Ziggurat: Depths:2

Annotations:
Temple 2 transporters
Lair:3 Casa
Slime:5 Royal Jelly


Innate Abilities, Weirdness & Mutations

You have a pair of horns on your head.
You reflexively headbutt those who attack you in melee.
Armour fits poorly on your strangely shaped body.
Your body sometimes deteriorates upon taking damage.
You are dopey. (Int -2)
You frequently scream uncontrollably at your foes.
You are weak. (Str -2)
Potions are less effective at restoring your health.


Message History

The slime creature attacks as you move away!
You block the slime creature's attack.
You slip free of the ooze engulfing you.
You gasp with relief as air once again reaches your lungs.
Your +4 spectral demon blade disappears.
The rockslime quivers.
The quicksilver ooze hits you. The quicksilver ooze engulfs you!
The quicksilver ooze barely misses you. The acid blob spits acid at you.
The splash of acid hits you but does no damage.
Two slime creatures merge to form a large slime creature.
* * * LOW HITPOINT WARNING * * *
Your lungs strain for air!
The quicksilver ooze hits you.
You block the quicksilver ooze's attack.
The acid blob spits acid at you. The splash of acid hits you! You resist.
* * * LOW HITPOINT WARNING * * *
You block the quicksilver ooze's attack. x2
The rockslime attacks as you move away! The rockslime hits you!!
* * * LOW HITPOINT WARNING * * *
Your body deteriorates!
You feel dopey.
* * * LOW HITPOINT WARNING * * *
Your lungs strain for air!
You block the quicksilver ooze's attack.
The quicksilver ooze barely misses you.
There is a stone staircase leading down here.
Your system partially rejects the healing.
You feel much better.
* * * LOW HITPOINT WARNING * * *
Your lungs strain for air!
You block the quicksilver ooze's attack. x2
The acid blob closely misses you. You block the rockslime's attack.
A titanic slime creature splits.
The quicksilver ooze hits you.
* * * LOW HITPOINT WARNING * * *
The quicksilver ooze barely misses you. The acid blob spits acid at you.
The splash of acid hits you but does no damage.
You feel yourself speed up.
You die...

...............
................
##..............
................
.......<........
................
.............#..
.......@........
......JJJG......
......JJ...^....
.......J....##..
.............#
................
...............#
............#.#.
.#........#####


You could see an acid blob, a very large slime creature, 2 large slime
creatures, a rockslime, a shining eye and a quicksilver ooze.

Vanquished Creatures
  2 ancient liches (Vaults:5)
  Tiamat (Zot:1)
  An orb of fire (Zot:2)
  Mennas (Depths:2)
  2 juggernauts
  Bai Suzhen (Crypt:2)
  Frederick (Crypt:3)
  Vashnia (Snake:4)
  Saint Roka (Vaults:4)
  2 caustic shrikes (Depths:3)
  2 curse toes
  5 golden dragons
  Jory (Vaults:3)
  Nikola (Vaults:2)
  A profane servitor (Crypt:3)
  the Enchantress (Depths:3)
  2 doom hounds (Zot:2)
  The ghost of lexdn the Executioner, an adept MiFi of Okawaru (Vaults:2)
  An electric golem (Zot:2)
  Zenata (Elf:1)
  14 tentacled monstrosities
  A walking earthen tome (Depths:3)
  2 liches (Crypt:3)
  A deep elf blademaster (Elf:3)
  2 walking divine tomes (Depths:3)
  Asterion (Elf:1)
  3 titans (Vaults:5)
  15 acid blobs
  7 quicksilver dragons
  Grunn (Zot:2)
  Frances (Swamp:2)
  A walking frostbound tome (Depths:3)
  4 sphinxes
  6 death cobs
  10 ancient champions
  The ghost of OmG the Worldbinder, an adept DsSu of Nemelex Xobeh (Swamp:4)
  A tentacled starspawn (WizLab)
  10 tengu reavers
  Kirke (Swamp:2)
  4 storm dragons
  4 shadow dragons
  4 nagarajas
  Roxanne (Swamp:4)
  Donald (Swamp:2)
  3 rockslimes
  4 revenants
  5 draconian monks
  The ghost of ripuliukko the Eclecticist, an adept GrEE of Vehumet (Swamp:2)
  3 thorn hunters (Swamp:4)
  9 fire giants
  An azure jelly (shapeshifter) (Vaults:4)
  3 daevas (Depths:2)
  2 draconian knights
  7 azure jellies
  4 fenstrider witches
  2 imperial myrmidons (Desolation)
  6 frost giants
  An iron dragon (Vaults:5)
  Louise (Swamp:3)
  6 draconian scorchers
  A draconian shifter (Zot:1)
  A curse skull (Crypt:3)
  9 deep elf sorcerers
  3 ghouls
  Aizul (Snake:2)
  12 vault wardens
  2 orc warlords
  17 ironbound preservers
  4 deep elf elementalists (Elf:3)
  A reaper (Crypt:1)
  5 angels
  3 draconian annihilators
  39 very ugly things
  The ghost of Slaatcain the Sorcerer, an adept DECj of Vehumet (Swamp:2)
  4 ironbound thunderhulks
  A caustic shrike skeleton (Depths:2)
  4 quicksilver oozes
  A juggernaut skeleton (Depths:2)
  6 spriggan defenders
  2 deep elf demonologists
  2 demonspawn black suns (Zot:2)
  Azrael (Elf:1)
  Nessos (D:12)
  5 black draconians
  9 stone giants
  8 purple draconians
  3 spark wasps (Depths:4)
  6 green draconians
  15 dire elephants
  2 vampire knights
  6 yellow draconians
  7 white draconians
  7 eleionomae
  A halazid warlock (Desolation)
  3 deep elf annihilators (Elf:3)
  6 bunyips
  A minotaur (Gauntlet)
  5 red draconians
  Snorg (D:9)
  11 ettins
  A blizzard demon (Swamp:4)
  A green death (Swamp:4)
  Josephine (D:11)
  6 ragged hierophants (Desolation)
  An eidolon (Crypt:1)
  2 shambling mangroves
  2 mummy priests (Crypt:3)
  2 crystal guardians (Desolation)
  10 deep elf death magi
  20 yaktaur captains
  An entropy weaver (shapeshifter) (Elf:1)
  11 jiangshi
  2 entropy weavers
  2 spriggan zombies
  11 hydras
  9 great orbs of eyes
  8 fire dragons
  A great orb of eyes (shapeshifter) (D:15)
  7 deep elf high priests
  4 servants of whispers (Desolation)
  A salamander tyrant (Snake:2)
  A hydra (shapeshifter) (Vaults:2)
  An Orb Guardian zombie (Crypt:2)
  4 ogre magi
  5 spriggan air magi
  37 vault guards
  8 anacondas
  A ghost crab (Lair:3)
  6 peacekeepers
  8 ironbound frosthearts
  A catoblepas (Lair:5)
  5 ice dragons
  The ghost of ripuliukko the Thaumaturge, a journeyman GrEE of Vehumet (D:11)
  A death knight (Crypt:1)
  5 centaur warriors
  9 two-headed ogres
  2 spriggan skeletons
  5 boulder beetles
  16 naga warriors
  11 deep troll shamans
  2 shock serpents (Snake:2)
  5 vampire magi
  2 titan zombies
  9 alligators
  23 dancing weapons
  4 death yaks
  7 deep troll earth magi
  4 tengu warriors
  4 hell hogs (Depths:4)
  9 naga sharpshooters
  2 thrashing horrors (WizLab)
  Sonja (D:11)
  Nergalle (Lair:1)
  8 spriggan berserkers
  6 salamander mystics
  14 deep elf knights
  4 orc high priests
  A shadow wraith (Crypt:1)
  5 skysharks
  A spectral death yak (Lair:3)
  4 soul eaters
  A spark wasp zombie (Depths:1)
  Amaemon (D:9)
  8 hell knights
  31 skeletal warriors
  3 sun demons
  7 sea snakes (Snake:3)
  5 goliath frogs
  2 sixfirhies
  6 cherubim (Depths:2)
  3 iron trolls
  6 flayed ghosts
  A golden dragon zombie (Depths:2)
  An obsidian statue (WizLab)
  7 bog bodies
  A ghost moth zombie (Crypt:3)
  A deep troll (shapeshifter) (Vaults:4)
  50 deep trolls
  5 spriggan druids
  4 deep elf archers
  3 glowing orange brains
  A tengu zombie (D:15)
  7 wizards
  A golden dragon skeleton (Crypt:3)
  3 swamp dragons
  8 naga ritualists
  6 phantasmal warriors
  5 lindwurms
  21 ironbound convokers
  A wolf spider zombie (Crypt:2)
  7 orc knights
  An anaconda skeleton (WizLab)
  A fire giant zombie (Crypt:1)
  4 mana vipers
  9 harpies
  8 necromancers
  9 orc sorcerers
  19 deep elf pyromancers
  A frost giant zombie (D:15)
  60 ugly things
  3 will-o-the-wisps
  13 cyclopes
  17 deep elf zephyrmancers
  2 manticores
  2 worldbinders (WizLab)
  15 moths of wrath
  A salamander (shapeshifter) (D:12)
  3 sphinx skeletons
  4 shining eyes
  10 guardian serpents
  5 elephants (Lair:4)
  16 salamanders
  5 eyes of devastation
  A water nymph (shapeshifter) (Vaults:4)
  Maurice (D:10)
  23 vault sentinels
  2 fire giant skeletons
  2 stone giant skeletons (Vaults:2)
  28 black mambas
  Joseph (D:7)
  20 cane toads
  A molten gargoyle (Desolation)
  4 smoke demons (Depths:4)
  Maggie (Lair:2)
  19 naga magi
  4 orange demons
  A hellion (Depths:4)
  2 gargoyles (D:12)
  A titan simulacrum (Depths:1)
  5 komodo dragons
  A death yak zombie (Crypt:2)
  12 rime drakes
  A minotaur zombie (Crypt:1)
  An efreet (D:12)
  17 yaktaurs
  An unseen horror (D:13)
  A black draconian skeleton (Crypt:2)
  An alligator snapping turtle skeleton (Crypt:1)
  3 freezing wraiths
  A hydra zombie (Crypt:3)
  6 tengu conjurers
  A purple draconian skeleton (Crypt:3)
  9 guardian mummies
  12 tyrant leeches
  3 bloated husks
  A polar bear (Lair:4)
  A troll (shapeshifter) (D:14)
  8 trolls
  11 hornets
  A hornet (shapeshifter) (D:11)
  2 hellwings (Swamp:4)
  A sphinx simulacrum (Depths:1)
  24 blink frogs
  34 saltlings (Desolation)
  A raiju (WizLab)
  A dream sheep (shapeshifter) (D:13)
  A harpy skeleton (Crypt:3)
  A tarantella zombie (Crypt:3)
  5 air elementals
  2 ettin skeletons
  18 spriggans
  A spectral black mamba (Lair:3)
  2 centaur simulacra
  2 wyverns
  91 slime creatures
  2 ushabtiu (Crypt:3)
  4 water elementals
  3 vampires (D:12)
  35 yaks
  4 starcursed masses (WizLab)
  2 humans (Swamp:2)
  2 hogs (Swamp:2)
  5 wraiths
  2 golden eyes (Slime:1)
  A golden eye (shapeshifter) (Vaults:2)
  4 fire elementals (Elf:1)
  2 redbacks (shapeshifter)
  3 basilisks
  3 chaos spawn
  A neqoxec (Swamp:4)
  24 vampire mosquitoes
  9 steam dragons
  Edmund (D:6)
  2 redbacks (Vaults:1)
  11 swamp worms
  4 wargs
  4 acid dragons
  A naga zombie (Crypt:3)
  4 large abominations
  5 hell hounds
  18 water moccasins
  Duvessa (D:4)
  7 spatial vortices (WizLab)
  An acid dragon (shapeshifter) (Vaults:5)
  41 nagas
  A demonspawn zombie (Crypt:2)
  2 floating eyes
  A sky beast (shapeshifter) (D:12)
  4 black bears
  A glowing shapeshifter skeleton (Vaults:2)
  33 orc warriors
  A spectral blink frog (Lair:3)
  A swamp drake (Swamp:1)
  A hornet zombie (Crypt:1)
  2 sky beasts
  A boggart (shapeshifter) (Vaults:5)
  A manticore zombie (Crypt:1)
  A hog zombie (Crypt:2)
  6 ogres
  11 wolves
  5 boggarts
  3 small abominations (Gauntlet)
  10 centaurs
  A phantom (D:5)
  2 elf zombies
  2 kobold brigands (D:7)
  21 bullfrogs
  A draconian zombie (Crypt:3)
  2 gnoll sergeants
  2 elf skeletons
  7 human skeletons
  A necrophage (Crypt:3)
  5 earth elementals
  3 scorpions
  A yak zombie (Crypt:1)
  Dowan (D:4)
  A troll zombie (Swamp:1)
  A queen bee zombie (Crypt:1)
  A troll skeleton (Swamp:1)
  4 electric eels
  6 howler monkeys
  2 human zombies
  5 hounds
  4 iguanas
  24 orc priests
  Crazy Yiuf (D:5)
  A bullfrog zombie (Crypt:3)
  An iron imp (WizLab)
  3 jellies
  2 gnoll boudas
  2 sleepcaps (D:6)
  30 orc wizards
  A scorpion zombie (Crypt:1)
  4 hell rats (Lair:2)
  A boggart zombie (Crypt:1)
  A polar bear simulacrum (Lair:3)
  3 yak simulacra (Lair:3)
  3 wolf simulacra (Lair:3)
  An acid dragon zombie (Crypt:1)
  6 mummies
  21 gnolls
  6 adders
  5 shadow imps
  2 white imps
  A worm (D:3)
  84 orcs
  7 endoplasms
  A giant cockroach (D:2)
  7 goblins
  8 hobgoblins
  7 jackals (D:2)
  A quokka (D:4)
  5 ball pythons
  6 bats
  An endoplasm zombie (Crypt:2)
  3 frilled lizards
  A frilled lizard zombie (Crypt:1)
  A goblin skeleton (D:4)
  2 goblin zombies (Ossuary)
  7 hobgoblin zombies
  A jackal zombie (Crypt:2)
  12 kobolds
  A kobold skeleton (D:4)
  7 kobold zombies
  An orc skeleton (D:5)
  2 orc zombies (D:5)
  4 rats
  4 river rat simulacra (Lair:3)
  A fire vortex (Depths:4)
2211 creatures vanquished.

Vanquished Creatures (others)
  An eldritch tentacle (WizLab)
  A shadow dragon (Vaults:4)
  A deep elf knight (Elf:1)
  An ugly thing (D:12)
  An unseen horror (D:12)
  6 bloated husks
  2 hornets (Swamp:4)
  A shadow (D:12)
  A vampire mosquito (D:12)
  An ogre (Vaults:5)
  A hog zombie (Crypt:2)
  An orc priest (Orc:2)
  An orc wizard (Orc:2)
  4 foxfires
  65 spectral weapons
  2 starspawn tentacles (WizLab)
90 creatures vanquished.

Grand Total: 2301 creatures vanquished

Notes
Turn   | Place    | Note
-------+----------+-------------------------------------------
     0 | D:1      | Peloso the Minotaur Fighter began the quest for the Orb.
     0 | D:1      | Reached XP level 1. HP: 19/19 MP: 0/0
    18 | D:1      | Found Erhixa's Distillery.
   471 | D:1      | Reached XP level 2. HP: 25/27 MP: 1/1
   795 | D:2      | Reached XP level 3. HP: 26/33 MP: 2/2
  1137 | D:2      | Found Acaheoll's Distillery.
  1442 | D:3      | Found a snail-covered altar of Cheibriados.
  1497 | D:3      | Reached XP level 4. HP: 40/40 MP: 3/3
  1862 | D:3      | You fall into a shaft and drop 2 floors!
  1862 | D:5      | Entered Level 5 of the Dungeon
  1925 | D:5      | Reached skill level 5 in Armour
  1925 | D:5      | Reached XP level 5. HP: 31/46 MP: 4/4
  2064 | D:5      | Reached skill level 5 in Long Blades
  2064 | D:5      | Reached XP level 6. HP: 46/53 MP: 5/5
  2075 | D:5      | Found a sand-covered staircase.
  2085 | Ossuary  | Entered an ossuary
  2085 | Ossuary  | Noticed a wraith
  2085 | Ossuary  | Noticed a wraith
  2085 | Ossuary  | Noticed a wraith
  2176 | Ossuary  | Reached skill level 1 in Dodging
  2443 | Ossuary  | Noticed a wraith
  2451 | Ossuary  | Killed a wraith
  3195 | D:4      | Reached XP level 7. HP: 60/60 MP: 6/6
  3202 | D:4      | Noticed Duvessa
  3203 | D:4      | Noticed Dowan
  3216 | D:4      | Killed Duvessa
  3217 | D:4      | Reached skill level 5 in Fighting
  3224 | D:4      | Killed Dowan
  3439 | D:4      | Found a glowing golden altar of the Shining One.
  3652 | D:4      | Reached skill level 5 in Shields
  4058 | D:6      | Found a glowing silver altar of Zin.
  4234 | D:6      | Reached XP level 8. HP: 61/69 MP: 7/7
  4916 | D:5      | Found a runed translucent door.
  4917 | D:5      | Noticed Crazy Yiuf
  5136 | D:5      | Killed Crazy Yiuf
  5472 | D:6      | Found a staircase to the Ecumenical Temple.
  5496 | Temple   | Entered the Ecumenical Temple
  5496 | Temple   | Found a transporter.
  5496 | Temple   | Found a transporter.
  5503 | Temple   | Found a transporter.
  5503 | Temple   | Found a transporter.
  5517 | Temple   | Became a worshipper of Warmaster Okawaru
  5817 | D:6      | Noticed Edmund
  5848 | D:6      | Killed Edmund
  5849 | D:6      | Reached XP level 9. HP: 47/78 MP: 8/8
  6242 | D:7      | Noticed Joseph
  6245 | D:7      | Reached * piety under Okawaru
  6266 | D:7      | Killed Joseph
  6267 | D:7      | Reached skill level 10 in Long Blades
  6562 | D:7      | Found a shimmering blue altar of Sif Muna.
  6837 | D:7      | Reached ** piety under Okawaru
  7200 | D:7      | Reached skill level 10 in Armour
  8127 | D:8      | Reached XP level 10. HP: 82/88 MP: 9/9
  8510 | D:8      | Found a broken altar of Ashenzari.
  8648 | D:9      | Found a staircase to the Orcish Mines.
  8666 | D:9      | Noticed an orange demon
  8667 | D:9      | Noticed Amaemon
  8689 | D:9      | Killed an orange demon
  8689 | D:9      | Reached *** piety under Okawaru
  8715 | D:9      | Killed Amaemon
  9782 | D:10     | Entered Level 10 of the Dungeon
  9782 | D:10     | Noticed Snorg
  9812 | D:9      | Killed Snorg
 10323 | D:10     | Identified the +0 leather armour of Love and Death {rF++
                  | rN+ MP+9 Int-5}
 10380 | D:10     | Reached **** piety under Okawaru
 10576 | D:10     | Reached skill level 1 in Invocations
 10580 | D:10     | Reached XP level 11. HP: 80/97 MP: 10/10
 10772 | D:10     | Noticed Maurice
 10803 | D:10     | Killed Maurice
 11283 | D:11     | Noticed Sonja
 11285 | D:11     | Killed Sonja
 11371 | D:11     | Reached ***** piety under Okawaru
 11419 | D:11     | Found a staircase to the Lair.
 11639 | D:11     | Noticed a purple ugly thing
 11652 | D:11     | Killed a purple ugly thing
 11695 | D:11     | Noticed Josephine
 11717 | D:11     | Killed Josephine
 11718 | D:11     | Reached skill level 10 in Fighting
 11883 | D:11     | Found a runed translucent gate.
 11883 | D:11     | Found a runed translucent gate.
 11883 | D:11     | Found a runed translucent gate.
 11942 | D:11     | Noticed a two-headed ogre
 11947 | D:11     | Killed a two-headed ogre
 11948 | D:11     | Reached skill level 15 in Armour
 12114 | D:11     | Noticed a glowing orange brain
 12114 | D:11     | Noticed ripuliukko's ghost (journeyman GrEE)
 12208 | D:11     | Found an ornate altar of the Wu Jian Council.
 12272 | D:11     | Found a viscous altar of Jiyva.
 12403 | D:12     | Noticed a two-headed ogre
 12420 | D:12     | Killed a two-headed ogre
 12422 | D:12     | Noticed a purple ugly thing
 12430 | D:12     | Noticed a green ugly thing
 12431 | D:12     | Reached skill level 1 in Stealth
 12439 | D:12     | Noticed a deep elf pyromancer
 12458 | D:11     | Killed a purple ugly thing
 12699 | D:12     | Killed a deep elf pyromancer
 12705 | D:12     | Noticed a boulder beetle
 12741 | D:12     | Killed a boulder beetle
 12742 | D:12     | Reached XP level 12. HP: 108/108 MP: 12/12
 12754 | D:12     | Noticed a two-headed ogre
 12764 | D:12     | Killed a two-headed ogre
 13113 | D:12     | Noticed Nessos
 13132 | D:12     | Reached skill level 10 in Shields
 13147 | D:12     | Noticed a two-headed ogre
 13210 | D:12     | Killed a two-headed ogre
 13249 | D:12     | Noticed a boulder beetle
 13268 | D:12     | Killed a boulder beetle
 13285 | D:12     | Noticed an ogre mage
 13300 | D:12     | Killed an ogre mage
 13317 | D:12     | Identified the +3 kite shield of the Crypt {Fly} (Okawaru
                  | gifted it to you on level 12 of the Dungeon)
 13317 | D:12     | Received a gift from Okawaru
 13444 | D:12     | Noticed a two-headed ogre
 13451 | D:12     | Killed a two-headed ogre
 13469 | D:12     | Noticed a fire dragon
 13488 | D:12     | Killed a fire dragon
 13675 | D:12     | Noticed a boulder beetle
 13676 | D:12     | Found a glowing silver altar of Zin.
 13677 | D:12     | Found a glowing golden altar of the Shining One.
 13677 | D:12     | Found a hide-covered altar of Uskayaw.
 13677 | D:12     | Found a shimmering altar of Xom.
 13690 | D:12     | Killed a boulder beetle
 13793 | D:12     | Identified the staff of conjuration "Usier" {rF+ Str+3
                  | Int+4 Dex-4}
 13963 | D:12     | Reached XP level 13. HP: 86/119 MP: 13/13
 14101 | D:12     | Reached skill level 15 in Long Blades
 14540 | D:12     | Killed Nessos
 14541 | D:12     | Reached skill level 1 in Evocations
 14615 | Lair:1   | Entered Level 1 of the Lair of Beasts
 14783 | Lair:1   | Noticed Nergalle
 14798 | Lair:1   | Killed Nergalle
 15427 | Lair:2   | Noticed Maggie
 15447 | Lair:2   | Killed Maggie
 16080 | Lair:2   | Found a hide-covered altar of Uskayaw.
 16803 | Lair:2   | Reached ****** piety under Okawaru
 17031 | Lair:3   | Identified the +3 quarterstaff of Kurrem {drain, Fragile
                  | rElec rC++ Dex+3} (Okawaru gifted it to you on level 3 of
                  | the Lair of Beasts)
 17031 | Lair:3   | Received a gift from Okawaru
 17553 | Lair:3   | Found a staircase to the Snake Pit.
 18257 | Lair:3   | Found a staircase to the Swamp.
 18649 | Orc:1    | Entered Level 1 of the Orcish Mines
 18810 | Orc:2    | Entered Level 2 of the Orcish Mines
 19200 | Orc:2    | Found a staircase to the Elven Halls.
 19333 | Orc:2    | Received a gift from Okawaru
 19358 | Orc:2    | Reached XP level 14. HP: 55/130 MP: 13/15
 19690 | Orc:2    | Paralysed by an orc sorcerer for 2 turns
 20387 | Orc:2    | Found Hefaxy's Magic Scroll Shop.
 20387 | Orc:2    | Found Quodghoc's General Store.
 20389 | Orc:2    | Found Kofufik's Antique Armour Shop.
 20389 | Orc:2    | Found Faghedoq's General Store.
 20405 | Orc:2    | Bought a scroll of blinking for 90 gold pieces
 20405 | Orc:2    | Bought a scroll of brand weapon for 114 gold pieces
 20407 | Orc:2    | Bought an embroidered hat for 182 gold pieces
 20414 | Orc:2    | Bought a scroll of magic mapping for 105 gold pieces
 20467 | Orc:1    | Found Kuigre's Distillery.
 20502 | Orc:1    | Bought a potion of heal wounds for 70 gold pieces
 20502 | Orc:1    | Bought a potion of curing for 42 gold pieces
 20723 | Orc:1    | Received a gift from Okawaru
 20755 | Orc:1    | Reached skill level 15 in Shields
 21894 | D:13     | Noticed an ironbound preserver
 21911 | D:13     | Killed an ironbound preserver
 22094 | D:13     | Found a gate to the Vaults.
 22468 | Lair:4   | Found a gate leading to a gauntlet.
 22490 | Lair:4   | Identified the +0 pair of boots of Hysteria {-Tele Will+
                  | MP+9} (Okawaru gifted it to you on level 4 of the Lair of
                  | Beasts)
 22490 | Lair:4   | Received a gift from Okawaru
 22504 | Lair:4   | Found a viscous altar of Jiyva.
 22504 | Lair:4   | Found a staircase to the Slime Pits.
 22512 | Gauntlet | Entered a Gauntlet
 22512 | Gauntlet | Found a transporter.
 22512 | Gauntlet | Found a transporter.
 22517 | Gauntlet | Found a transporter.
 22517 | Gauntlet | Found a transporter.
 22519 | Gauntlet | Found a large runed translucent door.
 22520 | Gauntlet | Found a large runed translucent door.
 22521 | Gauntlet | Found a large runed translucent door.
 22521 | Gauntlet | Found a large runed translucent door.
 22521 | Gauntlet | Found a runed translucent door.
 22522 | Gauntlet | Found a large runed translucent door.
 22526 | Gauntlet | Found a large runed translucent door.
 22527 | Gauntlet | Found a large runed translucent door.
 22528 | Gauntlet | Found a large runed translucent door.
 22529 | Gauntlet | Found a runed translucent gate.
 22531 | Gauntlet | Found a transporter.
 22535 | Gauntlet | Found a transporter.
 22551 | Gauntlet | Found a transporter.
 22648 | Gauntlet | Found a transporter.
 22652 | Gauntlet | Found a transporter.
 22654 | Gauntlet | Found a large runed translucent door.
 22655 | Gauntlet | Found a large runed translucent door.
 22656 | Gauntlet | Found a large runed translucent door.
 22656 | Gauntlet | Found a large runed translucent door.
 22656 | Gauntlet | Found a runed translucent door.
 22657 | Gauntlet | Found a large runed translucent door.
 22660 | Gauntlet | Found a large runed translucent door.
 22661 | Gauntlet | Found a large runed translucent door.
 22661 | Gauntlet | Found a large runed translucent door.
 22664 | Gauntlet | Found a runed translucent gate.
 22664 | Gauntlet | Found a runed translucent gate.
 22666 | Gauntlet | Found a transporter.
 22670 | Gauntlet | Found a transporter.
 22684 | Gauntlet | Found a transporter.
 22819 | Gauntlet | Got the Atlas of the Xenolith and Abominable Liturgies
 23253 | Gauntlet | Identified the +6 scale mail "Tuhuiser" {MP+9}
 23642 | Lair:4   | Reached skill level 15 in Fighting
 23940 | Lair:4   | Reached XP level 15. HP: 117/141 MP: 16/16
 24863 | Lair:5   | Entered Level 5 of the Lair of Beasts
 24987 | Lair:5   | Identified the +6 scale mail of Feloi {Harm rElec rF-
                  | Str+5} (Okawaru gifted it to you on level 5 of the Lair of
                  | Beasts)
 24987 | Lair:5   | Received a gift from Okawaru
 25617 | Lair:5   | Identified the +4 quarterstaff "Eviscerator" {freeze,
                  | Str+6}
 26557 | D:14     | Identified the +7 dagger of Yredelemnul, Hungering {freeze,
                  | rC+ Will+ rCorr SInv}
 26597 | D:14     | Found Garuas's Antique Weapon Shoppe.
 26613 | D:14     | Bought a runed long sword for 136 gold pieces
 26721 | D:15     | Entered Level 15 of the Dungeon
 26754 | D:15     | Found a staircase to the Depths.
 26995 | D:15     | Received a gift from Okawaru
 27194 | D:15     | Found a blossoming altar of Fedhas.
 27942 | D:15     | Reached XP level 16. HP: 69/152 MP: 17/17
 28876 | Snake:1  | Entered Level 1 of the Snake Pit
 29444 | Elf:1    | Entered Level 1 of the Elven Halls
 29449 | Elf:1    | Paralysed by an air elemental for 1 turns
 29452 | Orc:2    | Paralysed by an air elemental for 1 turns
 29455 | Orc:2    | Paralysed by an air elemental for 1 turns
 29537 | Elf:1    | Paralysed by an air elemental for 1 turns
 29541 | Elf:1    | Paralysed by an air elemental for 1 turns
 29645 | Elf:1    | Paralysed by an air elemental for 1 turns
 29845 | Elf:1    | Found Ekepam's Armour Shoppe.
 29965 | Elf:1    | Noticed Asterion
 29988 | Elf:1    | Killed Asterion
 30193 | Elf:1    | Noticed Zenata
 30217 | Elf:1    | Killed Zenata
 30217 | Elf:1    | Identified the +3 hat of Upai {Str+3 Stlth+} (Okawaru
                  | gifted it to you on level 1 of the Elven Halls)
 30217 | Elf:1    | Received a gift from Okawaru
 30488 | Elf:1    | Noticed Azrael
 30515 | Elf:1    | Killed Azrael
 30768 | Elf:1    | You are sucked into a shaft and drop 1 floor!
 31166 | Elf:1    | Identified a scroll of acquirement
 31403 | Elf:1    | Identified the +0 cloak "Vuckairgh" {rElec rPois Str-3
                  | SInv}
 31850 | Elf:2    | Found Waynk's Book Boutique.
 33170 | Snake:1  | Found a shimmering altar of Xom.
 34139 | Snake:2  | Received a gift from Okawaru
 35353 | Snake:2  | Noticed Aizul
 35366 | Snake:2  | Killed Aizul
 35558 | Snake:2  | Found Lejegett's Book Shoppe.
 35926 | D:1      | Bought a potion of experience for 700 gold pieces
 35926 | D:1      | Reached XP level 17. HP: 162/162 MP: 18/18
 36196 | Swamp:1  | Entered Level 1 of the Swamp
 36327 | Swamp:1  | Reached XP level 18. HP: 154/170 MP: 19/19
 37059 | Swamp:1  | Found an opulent altar of Gozag.
 37289 | Swamp:2  | Found a runed translucent gate.
 37289 | Swamp:2  | Found a runed translucent gate.
 37289 | Swamp:2  | Found a runed translucent gate.
 37291 | Swamp:2  | Noticed Kirke
 37296 | Swamp:2  | Identified the +0 gold dragon scales of the Dolphin {Harm
                  | *Corrode rPois rF+ rC+ Will+ Int+4} (Okawaru gifted it to
                  | you on level 2 of the Swamp)
 37296 | Swamp:2  | Received a gift from Okawaru
 37309 | Swamp:2  | Killed Kirke
 37325 | Swamp:2  | Noticed Slaatcain's ghost (adept DECj)
 37325 | Swamp:2  | Noticed ripuliukko's ghost (adept GrEE)
 37388 | Swamp:2  | Noticed Frances
 37408 | Swamp:2  | Killed Frances
 37413 | Swamp:2  | Got Ipleuhan's Thoughts on Feathers
 37578 | Swamp:2  | Noticed Donald
 37590 | Swamp:2  | Killed Donald
 38337 | Elf:3    | Entered Level 3 of the Elven Halls
 38389 | Elf:3    | Found Egenum's Book Shoppe.
 38442 | Elf:3    | Found Vires's Antique Armour Shoppe.
 38473 | Elf:3    | Found Uraifukk's Weapon Shop.
 38518 | Elf:3    | Bought a slimy kite shield for 389 gold pieces
 38518 | Elf:3    | Identified the +5 kite shield "Ennekkep" {Str+6} (You
                  | bought it in a shop on level 3 of the Elven Halls)
 38532 | Elf:3    | Bought a distressingly furry plate armour for 1148 gold
                  | pieces
 38532 | Elf:3    | Identified the +8 plate armour "Soeshri" {rElec Int+4} (You
                  | bought it in a shop on level 3 of the Elven Halls)
 38709 | Elf:2    | Found a runed translucent gate.
 38709 | Elf:2    | Found a runed translucent gate.
 38711 | Elf:2    | Found a runed translucent gate.
 39029 | Elf:3    | Found Wozed's Book Shoppe.
 39154 | Elf:3    | Found Gaskar's Distillery.
 39161 | Elf:3    | Bought a potion of heal wounds for 105 gold pieces
 39842 | Elf:3    | Identified the staff of poison "Qegab" {Fragile rElec rPois
                  | rCorr}
 40105 | Elf:3    | Identified the amulet of Bizauf {Regen+ rCorr Str+4}
 40476 | Elf:3    | Reached skill level 5 in Stealth
 40569 | Elf:3    | Received a gift from Okawaru
 40708 | Elf:3    | Identified the amulet of Uzoemesse {Spirit rCorr}
 40720 | Elf:3    | Identified the +6 plate armour of Muttered Phrases {*Slow
                  | rElec rCorr Slay-2}
 40783 | Elf:3    | Identified the staff of conjuration "Taegeirrant" {rC++
                  | Dex+3}
 41501 | Snake:3  | Found Loisie's Book Boutique.
 41726 | Snake:3  | Received a gift from Okawaru
 41742 | Snake:3  | Identified the ring of Pyromania {rElec rC+ rCorr Int+6
                  | Dex+3}
 41798 | Snake:3  | Found Hioty's Book Emporium.
 41798 | Snake:3  | Found Liclovol's Jewellery Boutique.
 41799 | Snake:3  | Found Citiruc's Jewellery Boutique.
 41813 | Snake:3  | Bought the amulet "Ireif" {Will+ Regen+ Dex+4} for 969 gold
                  | pieces
 41903 | Snake:3  | Identified the +2 morningstar "Dragon's Regret" {freeze,
                  | rC++}
 42196 | Snake:4  | Entered Level 4 of the Snake Pit
 42354 | Snake:4  | Reached XP level 19. HP: 143/181 MP: 20/20
 42929 | Snake:4  | Noticed Vashnia
 42965 | Snake:4  | Killed Vashnia
 43242 | Snake:4  | Got a serpentine rune of Zot
 43899 | Swamp:3  | Noticed Louise
 43913 | Swamp:3  | Killed Louise
 44333 | Swamp:4  | Entered Level 4 of the Swamp
 44340 | Swamp:4  | Received a gift from Okawaru
 44468 | Swamp:4  | Found a transporter.
 44477 | Swamp:4  | Noticed OmG's ghost (adept DsSu)
 44483 | Swamp:4  | Found a bloodstained altar of Trog.
 44526 | Swamp:4  | Identified Roxanne's Omnibus of Terra Firma
 44526 | Swamp:4  | Noticed Roxanne
 44628 | Swamp:4  | Found a transporter.
 44953 | Swamp:4  | Paralysed by a fenstrider witch for 3 turns
 44978 | Swamp:4  | Got a decaying rune of Zot
 45188 | Swamp:4  | Reached XP level 20. HP: 193/193 MP: 21/21
 45368 | Swamp:4  | Killed Roxanne
 45539 | Swamp:4  | Killed OmG's ghost
 45539 | Swamp:4  | Received a gift from Okawaru
 45563 | Swamp:4  | Identified the +1 hat of the Devil's Team {Will+ Str+2 SInv
                  | Stlth+}
 46149 | Vaults:1 | Entered Level 1 of the Vaults
 46641 | Vaults:1 | Received a gift from Okawaru
 47712 | Vaults:2 | Found Pustix's Armour Shoppe.
 48340 | Vaults:2 | Found a large runed translucent door.
 48340 | Vaults:2 | Found a large runed translucent door.
 48340 | Vaults:2 | Found a large runed translucent door.
 48340 | Vaults:2 | Found a large runed translucent door.
 48340 | Vaults:2 | Found a large runed translucent door.
 48340 | Vaults:2 | Found a large runed translucent door.
 48340 | Vaults:2 | Found a large runed translucent door.
 48340 | Vaults:2 | Found a large runed translucent door.
 48340 | Vaults:2 | Noticed lexdn's ghost (adept MiFi)
 48365 | Vaults:2 | Identified the +1 cloak of Raedaffaju {Rampage rF+ rC+}
                  | (Okawaru gifted it to you on level 2 of the Vaults)
 48365 | Vaults:2 | Received a gift from Okawaru
 48540 | Vaults:2 | Found a staircase to the Crypt.
 48974 | Vaults:2 | Noticed Nikola
 48985 | Vaults:2 | Killed Nikola
 48986 | Vaults:2 | Reached XP level 21. HP: 168/204 MP: 22/22
 49252 | Vaults:2 | Killed lexdn's ghost
 49297 | Vaults:3 | Found a flickering gateway to a bazaar.
 49302 | Bazaar   | Entered a bazaar
 49307 | Bazaar   | Found Amodeg's Weapon Boutique.
 49308 | Bazaar   | Found Ykiguez's Antique Armour Shop.
 49326 | Bazaar   | Found Ecuekoum's Jewellery Emporium.
 49326 | Bazaar   | Found Bodwiapp's Antique Armour Shoppe.
 49348 | Bazaar   | Found Asetoes's Jewellery Boutique.
 49353 | Bazaar   | Bought the ring of the Republic {rF+ rN+ Will+ rCorr Str+2}
                  | for 288 gold pieces
 49367 | Bazaar   | Found Reloymul's Assorted Antiques.
 49415 | Vaults:3 | Found a white marble altar of Elyvilon.
 49415 | Vaults:3 | Found a glowing golden altar of the Shining One.
 49415 | Vaults:3 | Found a glowing silver altar of Zin.
 49424 | Vaults:3 | Found a crumbling gateway.
 49440 | Vaults:3 | You fall into a shaft and drop 1 floor!
 49504 | Desolati | Entered the Desolation of Salt
 49763 | Desolati | Identified the +3 shortbow of the Filigreed God {drain,
                  | MP+9 Int+6}
 49763 | Desolati | Identified the staff of air "Urrug" {rElec rPois}
 50028 | Desolati | Acquired 786 gold pieces
 50185 | Desolati | Identified the +1 robe of Disappointment {-Cast Harm rF-
                  | rN+++}
 50188 | Desolati | Identified the ring of Toughipa {rElec rC+ rN+ Str+2}
 50209 | Desolati | Identified the +0 leather armour "Pukk" {Rampage rF+ Str+2}
 50306 | Desolati | Got Yrexiu's Almanac of Instinct
 50307 | Desolati | Identified the ring "Jiyntagh" {rElec rN++ rCorr}
 50322 | Desolati | Identified the amulet of Ituaq {Reflect -Cast rPois Regen+
                  | Str+2 SH+5}
 50617 | Vaults:2 | Bought the +3 pair of gauntlets of War {Slay+5} for 902
                  | gold pieces
 50617 | Vaults:2 | Found the +3 pair of gauntlets of War {Slay+5}
 50852 | Vaults:3 | Noticed Jory
 50863 | Vaults:3 | Killed Jory
 51610 | Vaults:4 | Identified the -1 pair of boots of Jaffaph {rPois rF+
                  | Dex+6} (Okawaru gifted it to you on level 4 of the Vaults)
 51610 | Vaults:4 | Received a gift from Okawaru
 51728 | Vaults:4 | Found Iqon's Armour Boutique.
 52592 | Vaults:4 | Noticed Saint Roka
 52610 | Vaults:4 | Killed Saint Roka
 52741 | Vaults:5 | Entered Level 5 of the Vaults
 53063 | Vaults:4 | Reached XP level 22. HP: 140/209 MP: 24/24
 53175 | Vaults:4 | Received a gift from Okawaru
 53228 | Vaults:5 | Identified the +10 quarterstaff of Paper {heavy, rPois}
 53736 | Vaults:4 | Identified the +0 pair of boots of Sodul {Int+3} (Okawaru
                  | gifted it to you on level 4 of the Vaults)
 53736 | Vaults:4 | Received a gift from Okawaru
 55463 | Vaults:5 | Noticed a golden dragon
 55471 | Vaults:5 | Killed a golden dragon
 55472 | Vaults:5 | Reached skill level 27 in Shields
 55552 | Vaults:5 | Identified the +5 scale mail "Hazac" {rN++ Will- Dex+5}
 55559 | Vaults:5 | Identified the staff of fire "Zoock" {rElec rF+ Str+2}
 55582 | Vaults:5 | Identified the +1 robe of the Unseen Realm {Contam *Corrode
                  | Fly rElec}
 55602 | Vaults:5 | Noticed an ancient lich
 55608 | Vaults:5 | Killed an ancient lich
 55621 | Vaults:5 | Noticed an ancient lich
 55622 | Vaults:5 | Noticed a golden dragon
 55628 | Vaults:5 | Killed an ancient lich
 55630 | Vaults:5 | Killed a golden dragon
 55640 | Vaults:5 | Noticed a golden dragon
 55790 | Vaults:5 | Identified the +0 pair of boots of the Hall of Blades
                  | {Rampage rN+ SInv} (Okawaru gifted it to you on level 5 of
                  | the Vaults)
 55790 | Vaults:5 | Received a gift from Okawaru
 55849 | Vaults:5 | Killed a golden dragon
 55908 | Vaults:5 | Identified the +2 lajatang of Inoubo {drain, rElec rF+ rC+
                  | rCorr}
 56035 | Vaults:5 | Identified the +0 ring mail of the Vanishing Orbs {Harm
                  | Str+2 Stlth-}
 56168 | Vaults:5 | Identified the +2 quarterstaff of Trog's Esteem {heavy,
                  | Will+}
 56175 | Vaults:5 | Got the Information on the Jaunt and Anathema
 56414 | Vaults:5 | Found Seippux's Book Shoppe.
 56540 | Vaults:5 | Identified the ring "Vaed Eha" {Ice rElec rN++ Dex+3
                  | Slay-3}
 56597 | Vaults:5 | Got a silver rune of Zot
 56617 | Vaults:5 | Got Icewny's Vellum of Scintillating Rallying
 56834 | Vaults:5 | Identified the staff of poison "Piupp" {rPois rN+ Str+3}
 56889 | Vaults:5 | Identified the staff of air "Vash" {+Blink rElec}
 57774 | Crypt:1  | Entered Level 1 of the Crypt
 57821 | Crypt:1  | Reached XP level 23. HP: 104/226 MP: 25/25
 57887 | Crypt:1  | Found a magical portal.
 57949 | WizLab   | Entered The Roulette of Golubria
 57949 | WizLab   | Found a transporter.
 57982 | WizLab   | Found a corrupted altar of Lugonu.
 58004 | WizLab   | Found a transporter.
 58078 | WizLab   | Found a transporter.
 58103 | WizLab   | Found a transporter.
 58153 | WizLab   | Found a transporter.
 58172 | WizLab   | Found a transporter.
 58189 | WizLab   | Found a transporter.
 58190 | WizLab   | Found a transporter.
 58219 | WizLab   | Found a transporter.
 58713 | WizLab   | Found a transporter.
 58713 | WizLab   | Found a transporter.
 58718 | WizLab   | Found a corrupted altar of Lugonu.
 58752 | WizLab   | Found a transporter.
 58766 | WizLab   | Got Golubria's Spellbook of Peregrination
 58778 | WizLab   | Found a transporter.
 58778 | WizLab   | Found a transporter.
 58833 | WizLab   | Found a transporter.
 58886 | WizLab   | Found a transporter.
 58916 | WizLab   | Identified the +2 cloak of Gestures {+Blink rF+ Int-5 SInv}
 58936 | WizLab   | Found a transporter.
 58936 | WizLab   | Found a transporter.
 58994 | WizLab   | Found a transporter.
 58994 | WizLab   | Found a transporter.
 61053 | Crypt:2  | Noticed Bai Suzhen
 61065 | Crypt:2  | Identified the +0 ring mail of the Unstoppable Things {Harm
                  | Rampage Fly rN++ Str-4} (Okawaru gifted it to you on level
                  | 2 of the Crypt)
 61065 | Crypt:2  | Received a gift from Okawaru
 61092 | Crypt:2  | Reached skill level 10 in Stealth
 61140 | Crypt:2  | Identified the +4 flail of a ziggurat {venom, rN+ rCorr
                  | Int+3}
 61171 | Crypt:2  | Identified the +6 war axe of Doekatidd {heavy, Fragile
                  | rElec rN+ MP+9}
 61315 | Crypt:2  | Killed Bai Suzhen
 61598 | Crypt:3  | Entered Level 3 of the Crypt
 62162 | Crypt:3  | Noticed Frederick
 62174 | Crypt:3  | Killed Frederick
 62175 | Crypt:3  | Reached skill level 5 in Dodging
 62403 | Crypt:3  | Found a staircase to the Tomb.
 62745 | Crypt:3  | Found an ancient bone altar of Kikubaaqudgha.
 62747 | Crypt:3  | Found a basalt altar of Yredelemnul.
 62748 | Crypt:3  | Noticed a curse toe
 62756 | Crypt:3  | Killed a curse toe
 62846 | Crypt:3  | Identified the amulet "Mal Edir" {Acrobat Int+6 Dex-3}
 62903 | Crypt:3  | Got the Discourse on the Dead
 62905 | Crypt:3  | Identified the ring "Deumalle" {rElec rPois Int-4 Dex-2
                  | SInv}
 63231 | Depths:1 | Entered Level 1 of the Depths
 63367 | Depths:1 | Identified the +6 quarterstaff of the Depths {speed, rElec}
 63410 | Depths:1 | Received a gift from Okawaru
 63818 | Depths:1 | Found a gateway to Hell.
 64362 | Depths:2 | Found a one-way gateway to a ziggurat.
 64364 | Depths:2 | Reached XP level 24. HP: 242/242 MP: 25/25
 64414 | Depths:2 | Paralysed by a floating eye for 2 turns
 64504 | Depths:2 | Found a one-way gate leading to the halls of Pandemonium.
 64816 | Depths:2 | Found a one-way gate to the infinite horrors of the Abyss.
 64863 | Depths:2 | Noticed Mennas
 64864 | Depths:2 | Found a glowing silver altar of Zin.
 64927 | Depths:2 | Killed Mennas
 65136 | Depths:2 | Identified the +4 ring mail of the Cobbler {rF+}
 65916 | Depths:3 | Found an opulent altar of Gozag.
 65917 | Depths:3 | Found a corrupted altar of Lugonu.
 65950 | Depths:3 | Found a broken altar of Ashenzari.
 66055 | Depths:3 | Found a transporter.
 66195 | Depths:3 | Found a transporter.
 66247 | Depths:3 | You are sucked into a shaft and drop 1 floor!
 66247 | Depths:4 | Entered Level 4 of the Depths
 66247 | Depths:4 | Noticed the Enchantress
 66247 | Depths:4 | Noticed a juggernaut
 66513 | Depths:3 | Noticed a juggernaut
 66520 | Depths:3 | Paralysed by a floating eye for 3 turns
 66626 | Depths:3 | Killed a juggernaut
 66675 | Depths:3 | Reached skill level 5 in Invocations
 66698 | Depths:3 | Identified the +7 scimitar of Adgh {freeze, rElec rN++
                  | Str+3 Dex-2} (Okawaru gifted it to you on level 3 of the
                  | Depths)
 66698 | Depths:3 | Received a gift from Okawaru
 67074 | Depths:3 | Paralysed by a floating eye for 2 turns
 67178 | Depths:3 | Identified the ring "Qukkaci" {*Corrode rF+ rC+++ rN+
                  | Stlth+}
 67184 | Depths:3 | Identified the amulet "Joarghau" {Faith Harm *Slow rCorr
                  | Str+4}
 67190 | Depths:3 | Identified the ring "Suneakk" {rF+ rCorr Int+6 Slay-3}
 67247 | Depths:3 | Identified the ring "Wuttiawn" {Fly rF+ Str+2 Slay-2}
 67521 | D:11     | Killed ripuliukko's ghost
 67679 | Swamp:2  | Killed Slaatcain's ghost
 67685 | Swamp:2  | Killed ripuliukko's ghost
 68373 | Depths:3 | Killed the Enchantress
 68479 | Depths:4 | Killed a juggernaut
 68479 | Depths:4 | Identified the +9 long sword of Chaos {freeze, *Noise Fly
                  | rPois} (Okawaru gifted it to you on level 4 of the Depths)
 68479 | Depths:4 | Received a gift from Okawaru
 69146 | Depths:4 | Reached XP level 25. HP: 255/255 MP: 26/26
 69152 | Depths:4 | Found a gate to the Realm of Zot.
 69156 | Depths:4 | Received a gift from Okawaru
 70783 | Zot:1    | Entered Level 1 of the Realm of Zot
 70830 | Zot:1    | Reached skill level 27 in Fighting
 70842 | Zot:1    | Found the +4 dragonskin cloak
 70842 | Zot:1    | Noticed Tiamat
 70851 | Zot:1    | Identified the +3 long sword "Deuruwei" {heavy, rF+ rC+
                  | Str+2 Int+2} (Okawaru gifted it to you on level 1 of the
                  | Realm of Zot)
 70851 | Zot:1    | Received a gift from Okawaru
 71049 | Zot:1    | Killed Tiamat
 71596 | Zot:1    | Identified the +5 long sword "Pucs" {flame, rF+ Will+
                  | Int+3}
 71934 | Zot:1    | Identified the +1 hat of Indecent Exposure {Slay+2}
                  | (Okawaru gifted it to you on level 1 of the Realm of Zot)
 71934 | Zot:1    | Received a gift from Okawaru
 72371 | Zot:2    | Reached skill level 27 in Long Blades
 72597 | Zot:2    | Noticed an orb of fire
 72617 | Zot:2    | Gained mutation: You are dopey. (Int -2) [an orb of fire]
 72624 | Zot:2    | Killed an orb of fire
 72660 | Zot:2    | Identified the +8 mace "Nunogh" {flame, SInv}
 72825 | Zot:2    | Noticed Grunn
 72840 | Zot:2    | HP: 5/253 [doom hound[Grunn] (23)]
 73040 | Zot:2    | Killed Grunn
 73145 | Zot:3    | Acquired 565 gold pieces
 73624 | Slime:1  | Entered Level 1 of the Pits of Slime
 73635 | Slime:1  | Gained mutation: Potions are less effective at restoring
                  | your health. [a shining eye]
 73635 | Slime:1  | Gained mutation: Armour fits poorly on your strangely
                  | shaped body. [a shining eye]
 73639 | Slime:1  | Gained mutation: You are weak. (Str -2) [a shining eye]
 74008 | Slime:3  | Reached XP level 26. HP: 244/266 MP: 26/26
 74307 | Slime:4  | Gained mutation: You occasionally shout uncontrollably at
                  | your foes. [a shining eye]
 74309 | Slime:4  | Gained mutation: You frequently scream uncontrollably at
                  | your foes. [a shining eye]
 74312 | Slime:4  | Gained mutation: Your body sometimes deteriorates upon
                  | taking damage. [a shining eye]
 74361 | Slime:5  | Entered Level 5 of the Pits of Slime
 74886 | Slime:5  | Reached skill level 15 in Stealth
 74914 | Slime:5  | Noticed the Royal Jelly
 74947 | Slime:4  | HP: 8/266 [rockslime (30)]
 74947 | Slime:4  | HP: 3/266 [drowned by a quicksilver ooze (5)]
 74949 | Slime:4  | Drowned by a quicksilver ooze

Illustrated notes

Levels and vault maps discovered:
D:1:      mrwooster_arrival_statue_2, layout_basic, serial_shops, shop
D:2:      layout_rooms, serial_shops, nicolae_shop_industrial_runoff,
          chequers_garden, kennysheep_generic_room_3
D:3:      layout_basic, slow_altar_2, kennysheep_generic_room_12
D:4:      layout_loops_cross, nicolae_tso_besieged_by_evil, uniq_duvessa
D:5:      layout_basic, nicolae_ossuary_entry_catacombs, uniq_crazy_yiuf_cottage
D:6:      kennysheep_six_static_rooms, layout_basic,
          mainiacjoe_overflow_cross_hatched, minmay_temple_entry_sparse_star,
          nicolae_concentric_dashed_squares_wild, st_stairs_12,
          hangedman_abyss_or_decor_stagger, uniq_edmund
D:7:      layout_loops_corners, mainiacjoe_overflow_small_starburst,
          minmay_manual_moon, uniq_joseph
D:8:      layout_rooms, mainiacjoe_overflow_surrounded_room,
          serial_co_window_serial, co_window_paths_b, co_window_corner_a,
          co_window_paths_a, co_window_paths_b, co_window_paths_a,
          co_window_broadway_b, co_window_of_opportunity_b, co_window_corner_b,
          co_window_paths_c, co_window_cross_2, co_window_paths_e,
          glass_columns_b
D:9:      layout_loops_ring, david_orc_3, uniq_amaemon
D:10:     layout_loops_ring, minmay_misc_feat_five, uniq_maurice, uniq_snorg
D:11:     layout_roguey, due_lair_maze_entry_diamond, gammafunk_ghost_ooze,
          nicolae_lava_and_water, pdpol_wu_jian_five_deadly_venoms, uniq_sonja,
          uniq_josephine
D:12:     minmay_the_grid_octo_tiled_octocenter [minmay_the_grid_octo_chip,
          minmay_the_grid_octo_shrine, minmay_the_grid_octo_odd_swirl,
          minmay_the_grid_octo_focus, minmay_the_grid_octo_prize_big_c,
          minmay_the_grid_square_5x5_gyroscope,
          minmay_the_grid_square_5x5_corner, minmay_the_grid_square_5x5_meh,
          minmay_the_grid_square_5x5_mess], layout_loops_cross, uniq_nessos
D:13:     layout_cave_pools, skrybe_vaults_entry_preservation
D:14:     layout_rooms, serial_shops, nicolae_shop_window_shopping, hex_large
D:15:     gammafunk_depths_entry_grave, layout_gridville,
          fedhas_altar_fruit_tree
Temple:   hellmonk_temple_divided_pantheon
Lair:1:   layout_loops_ring, uniq_nergalle
Lair:2:   dreamdust_cave_troll, layout_regular_city,
          chequers_serial_rivers_micro_a, lemuel_centaur_altar,
          lemuel_fruit_fields, uniq_maggie
Lair:3:   layout_layer_cave, nicolae_swamp_entry_spooky,
          minmay_snake_entry_six_corridors, eino_house_with_fridge
Lair:4:   layout_regular_city, slime_entry_1, gauntlet_entry_generic,
          bobbens_dragon_lair_wall, grunt_megastairs_2
Lair:5:   minmay_lair_end_frog_pond, layout_misc_corridors, evilmike_ambush
          [evilmike_ambush_outer_doors, evilmike_ambush_inner_basic]
Swamp:1:  layout_falls_marsh, basic_altar, cheibrodos_swamp_minitomb
Swamp:2:  layout_basic_swamp, gammafunk_ghost_cemetery, serial_swamp_ruin,
          evilmike_swamp_ruin_house_6, evilmike_swamp_ruin_wall,
          evilmike_swamp_ruin_rubble_2, uniq_donald, uniq_frances, uniq_kirke
Swamp:3:  layout_basic_swamp, evilmike_swamp_ruin_rubble_1,
          infiniplex_staircase_pool, uniq_louise
Swamp:4:  nzn_swamp_witches_coven, layout_basic_swamp,
          gammafunk_ghost_wrathful_warriors, uniq_roxanne
Snake:1:  layout_grid_shapes, basic_altar
Snake:2:  layout_misc_corridors, serial_shops, shop, uniq_aizul
Snake:3:  layout_cave_town, grunt_ministairs_2, nicolae_stop_n_shop_1,
          serial_bayou_lagoon_b, minmay_shop_grove
Snake:4:  johnstein_snake_rune_scales, layout_cave_town
Slime:1:  layout_caves
Slime:2:  nicolae_slime_jelly_donut, layout_caves,
          cheibrodos_slime_lost_civilization_5
Slime:3:  nicolae_slime_pool, layout_caves
Slime:4:  layout_caves
Slime:5
Orc:1:    layout_caves, serial_shops, shop
Orc:2:    grunt_orc_tribal_feast, layout_caves, nicolae_orc_stony_grotto
Elf:1:    nicolae_elf_arrival_aired_out, layout_loops_corners, serial_aquarium,
          aquarium_bridge_square [aquarium_subvault_bridge,
          aquarium_subvault_balcony, aquarium_subvault_bridge,
          aquarium_subvault_balcony], aquarium_window_2, aquarium_window_fake,
          aquarium_window_fake, aquarium_window_fake, aquarium_view_2g,
          aquarium_balcony_5b, aquarium_pool_2, serial_shops,
          nicolae_square_shop, kennysheep_underground_church, uniq_zenata,
          uniq_asterion, uniq_azrael
Elf:2:    nicolae_elf_blades_splatter_lattice [nicolae_blade_lattice],
          layout_loops_corners, serial_shops, shop, grunt_ministairs_5
Elf:3:    minmay_elf_hall_dome, layout_geoelf_octagon, serial_shops,
          nicolae_shop_bloodbath_and_beyond, nicolae_shop_tiny_real_fake_doors,
          shop, nicolae_book_shop_shelving, shop
Vaults:1: v_misc_30, v_rooms_1, nicolae_vaults_asterisk, v_misc_26,
          nicolae_vaults_specimen_jars, grunt_vaults_twisty,
          nicolae_vaults_six-pack, grunt_vaults_funnel, vaults_room_grid,
          nicolae_vaults_layer_cake_slice, nicolae_vaults_tetromino_Z_1,
          nicolae_vaults_trapezoid_lopsided_3, layout_vaults_quadrants
Vaults:2: advil_vaults_ghost_lines, nicolae_vaults_cochlea,
          nicolae_vaults_steering_wheel, hangedman_vaults_maws,
          nicolae_vaults_offset_grid_hallway_4, nicolae_vaults_six-pack,
          vaults_room_guarded_vault, nicolae_vaults_storage_closets_2,
          nicolae_vaults_hallways_thing, nicolae_vaults_little_squares_4,
          minmay_crypt_entry_skeletal_spiral, nicolae_vaults_closet_pinwheel_6,
          nicolae_vaults_house_2, layout_vaults_maze_bifur, serial_shops, shop,
          uniq_nikola
Vaults:3: portal_desolation_entry_holy_temple, grunt_vaults_hallway_short,
          nicolae_vaults_triangles, nicolae_vaults_diamond_2, v_misc_8,
          ontoclasm_vaults_idyll, vaults_room_pool, nicolae_vaults_angled_halls,
          nicolae_vaults_tetromino_L_1, nicolae_vaults_mini_display_case,
          v_misc_3, layout_vaults_big_room, serial_shops, bzr_entry_road,
          uniq_jory
Vaults:4: ontoclasm_vaults_pinch, vaults_standard_mumra_x,
          hangedman_vaults_stretched_pinwheel, hangedman_vaults_snaps,
          nicolae_vaults_angled_halls, v_alt_pattern_6, dpeg_vaults_monster_box,
          nicolae_vaults_swerve, v_rooms_3, hangedman_vaults_pinch,
          vaults_room_hallway, nicolae_vaults_diamond_2,
          nicolae_vaults_double_plus_2, vaults_dpeg_diagonal,
          layout_vaults_omnicross, uniq_saint_roka
Vaults:5
Crypt:1:  layout_regular_city, infiniplex_enter_wizlab_water,
          grunt_crypt_arrival_guarded_gate
Crypt:2:  layout_gridlike, uniq_bai_suzhen
Crypt:3:  lightli_unholy_cathedral, layout_chaotic_city, uniq_frederick
Depths:1: layout_gridville, hangedman_coc_ice_floe, kennysheep_nondescript,
          serial_rivers, chequers_serial_rivers_small_3,
          chequers_serial_rivers_micro_a, chequers_serial_rivers_large_a,
          chequers_serial_rivers_room_a, chequers_serial_rivers_room_b,
          chequers_serial_rivers_small_a, lemuel_flamethrower_3
Depths:2: evilmike_silver_temple, layout_gridlike, enter_ziggurat_f,
          pf_hell_entry_great_geh, pan_entry, abyss_entry,
          minmay_misc_feat_nine_boxes, minmay_staircase_windowed_small
Depths:3: gammafunk_dig_for_victory, layout_basic, hell_entry,
          abyss_entry_flame_altar, nicolae_gozag_seed_capital,
          nicolae_ashenzari_panopticon
Depths:4: grunt_zot_entry_hairpin, layout_cave_shapes, hellmouth_3, abyss_entry,
          serial_bayou_shore_a, infiniplex_staircase_pool_lava, uniq_enchantress
Zot:1:    layout_onion, grunt_megastairs_5, uniq_tiamat
Zot:2:    dreamdust_black_sun_cult, layout_cellular_growth, uniq_grunn
Zot:3:    layout_gridlike, grunt_megastairs_3

Skill      XL: |  1  2  3  4  5  6  7  8  9 10 11 12 13 14 15 16 17 18 19 20 21 22 23 24 25 26 |
---------------+-------------------------------------------------------------------------------+-----
Fighting       | 4 5 6 8 9 10 12 13 15 16 17 18 20 21 22 23 25 26 27 | 27.0
Shields        | 4 5 6 7 9 12 14 17 19 20 21 23 24 26 27 | 27.0
Armour         | 4 5 6 8 10 13 15 17 18 19 20 21 22 23 24 25 26 | 26.2
Long Blades    | 3 4 5 6 7 9 11 12 14 15 16 17 18 19 20 21 22 23 24 25 27 | 27.0
Dodging        | 1 2 3 4 5 |  5.9
Invocations    | 1 2 3 4 5 |  5.5
Stealth        | 1 3 5 6 7 8 9 11 12 14 15 | 15.1
Evocations     | 1 2 3 |  3.6

Action                     |  1- 3 |  4- 6 |  7- 9 | 10-12 | 13-15 | 16-18 | 19-21 | 22-24 | 25-27 || total
---------------------------+-------+-------+-------+-------+-------+-------+-------+-------+-------++-------
  Melee: Long sword        |   139 |   154 |   393 |   578 |   181 |    67 |       |       |       ||  1512
         Headbutt          |    15 |    40 |    68 |   170 |   424 |   235 |   536 |   535 |   251 ||  2274
         Scimitar          |       |       |       |   117 |  1005 |     3 |    13 |       |       ||  1138
         Falchion          |       |       |       |       |   384 |       |       |       |       ||   384
         Demon blade       |       |       |       |       |       |   739 |  1416 |  1299 |   529 ||  3983
         Double sword      |       |       |       |       |       |       |       |       |    74 ||    74
 Invoke: Heroism           |       |       |       |    18 |    11 |     5 |    10 |    18 |     1 ||    63
  Evoke: Wand              |       |       |       |     6 |    16 |       |     8 |     9 |       ||    39
    Use: Potion            |     3 |       |     2 |    11 |     4 |     3 |       |     2 |     4 ||    29
         Scroll            |     4 |     6 |     6 |     3 |     9 |    10 |     8 |    20 |     5 ||    71
   Stab: Distracted        |       |       |       |       |       |    25 |    58 |    48 |    30 ||   161
         Sleeping          |       |       |       |       |       |       |     1 |     4 |       ||     5
 Armour: Chain mail        |   118 |    64 |    91 |       |       |       |       |       |       ||   273
         Plate armour      |       |       |   120 |   191 |       |    80 |   465 |   388 |     6 ||  1250
         Crystal plate arm |       |       |       |   165 |   910 |   245 |       |       |       ||  1320
         Gold dragon scale |       |       |       |       |       |       |       |       |   262 ||   262
  Dodge: Dodged            |    54 |    44 |   116 |   173 |   301 |   162 |   348 |   287 |   164 ||  1649
  Block: Buckler           |    44 |    24 |    83 |    44 |       |       |       |       |       ||   195
         Kite shield       |       |       |       |   348 |  1464 |   582 |  1216 |  1018 |   615 ||  5243
         Reflection        |       |       |       |       |       |       |    29 |    33 |       ||    62
